 Dungeon Crawl Stone Soup version 0.16-a0-4056-gee4db93 (webtiles) character file.

84 Gronka the Shield-Bearer (level 4, -1/41 HPs)
             Began as a Minotaur Fighter on Feb 20, 2015.
             Slain by Sigmund
             ... wielding a +0 scythe
              (9 damage)
             ... on level 2 of the Dungeon.
             The game lasted 00:02:42 (898 turns).

Gronka the Shield-Bearer (Minotaur Fighter)          Turns: 898, Time: 00:02:43

Health: -1/41      AC:  9    Str: 18 (21) XL:     4   Next: 24%
Magic:  2/2        EV:  7    Int:  5      God:
Gold:   170        SH:  9    Dex: 10      Spells: 0 memorised, 3 levels left

rFire  + . .     SeeInvis .     a - +0 trident
rCold  . . .     Clarity  .     b - +0 scale mail
rNeg   . . .     SustAb   .     c - +0 shield
rPois  .         Gourm    .     (helmet restricted)
rElec  .         Spirit   .     (no cloak)
rCorr  .         Warding  .     p - +1 pair of gloves
rMut   .         Stasis   .     (no boots)
MR     .....                    (no amulet)
Stlth  ..........               (no ring)
                                u - ring of protection from fire

@: not resistant to hostile enchantments, extremely unstealthy
A: retaliatory headbutt, horns 2
a: no special abilities


You were on level 2 of the Dungeon.
You were not hungry.

You visited 1 branch of the dungeon, and saw 2 of its levels.

You collected 170 gold pieces.

Inventory:

Hand weapons
 a - a +0 trident (weapon)
Armour
 b - a +0 scale mail (worn)
 c - a +0 shield (worn)
 p - a +1 pair of gloves (worn)
Jewellery
 u - a ring of protection from fire (left hand)
Magical devices
 s - a wand of magic darts (22)
Scrolls
 f - 2 scrolls of noise {unknown}
 h - a scroll of fog {unknown}
 k - a scroll of fear {unknown}
 m - a scroll of amnesia {unknown}
 o - a scroll of identify {unknown}
 t - a scroll of teleportation {unknown}
 v - a scroll of recharging {unknown}
Potions
 e - a potion of might
 g - a potion of brilliance {unknown}
 i - a potion of restore abilities
 q - a potion of degeneration
Comestibles
 d - a bread ration
 j - a beef jerky
 n - a meat ration
 r - 4 fruits


   Skills:
 + Level 4.3 Fighting
 + Level 2.8 Polearms
 + Level 4.3 Armour
 + Level 1.3 Dodging
 + Level 4.5 Shields


You had 3 spell levels left.
You didn't know any spells.

Dungeon Overview and Level Annotations

Branches:
Dungeon (2/15)

Altars:
Yredelemnul

Annotations:
D:2 Sigmund


Innate Abilities, Weirdness & Mutations

You reflexively headbutt those who attack you in melee.
You have a pair of horns on your head.


Message History

Sigmund hits you from afar with a scythe.
Drink which item? (? for menu, Esc to quit)
It was a potion of restore abilities.
You feel refreshed.
Drink which item? (? for menu, Esc to quit)
It was a potion of degeneration.
There was something very wrong with that liquid.
You feel weakened.
Sigmund points at you and mumbles some strange words.
The magic dart hits you!
* * * LOW HITPOINT WARNING * * *
Drink which item? (? for menu, Esc to quit)
It was a potion of curing.
You feel better.
Sigmund hits you from afar with a scythe.
* * * LOW HITPOINT WARNING * * *
Sigmund barely misses you. You furiously retaliate!
You headbutt Sigmund, but do no damage. You closely miss Sigmund.
You headbutt Sigmund, but do no damage.
Sigmund is lightly wounded.
Sigmund hits you with a scythe!
You die...

#.# #.#
#.........#
#.# #.#
#.#########
#.# #># #.#
#.# #.# #.#
#.# #.# #.#
#.# ##.## #.#
#.# ##...##
#.# #.#
#....@######.#
#)#
#....@.......#
..#
#.....########
### ##...##
#####


You could see Sigmund.

Vanquished Creatures
  2 adders (D:2)
  3 gnolls (D:2)
  A giant mite (D:2)
  A worm (D:2)
  A giant gecko (D:2)
  An ooze (D:2)
  A ball python (D:2)
  A giant cockroach (D:2)
  3 goblins
  2 hobgoblins
  2 bats
  A kobold (D:1)
  6 rats
  A toadstool (D:1)
26 creatures vanquished.

Vanquished Creatures (others)
  3 toadstools (D:1)
3 creatures vanquished.

Grand Total: 29 creatures vanquished

Notes
Turn   | Place    | Note
--------------------------------------------------------------
     0 | D:1      | Gronka, the Minotaur Fighter, began the quest for the Orb.
     0 | D:1      | Reached XP level 1. HP: 19/19 MP: 1/1
   428 | D:2      | Reached skill level 4 in Fighting
   428 | D:2      | Reached XP level 2. HP: 21/27 MP: 1/1
   481 | D:2      | Found a basalt altar of Yredelemnul.
   485 | D:2      | Reached XP level 3. HP: 17/33 MP: 2/2
   694 | D:2      | Reached skill level 1 in Dodging
   694 | D:2      | Reached XP level 4. HP: 26/40 MP: 2/2
   871 | D:2      | Noticed Sigmund
   898 | D:2      | Slain by Sigmund

Action                   |  1- 3 |  4- 6 || total
-------------------------+-------+-------++-------
Melee: Trident           |    76 |    19 ||    95
Evoke: Wand              |       |     2 ||     2
  Use: Potion            |       |     3 ||     3
